 Dungeon Crawl Stone Soup version 0.24.0-13-gcf9b319 (console) character file.

Game seed: 10944678380825296287, levelgen mode: deterministic

265 slphil the Grave Robber (level 5, 0/42 HPs)
             Began as a Deep Dwarf Necromancer on Nov 5, 2019.
             Slain by Edmund
             ... wielding a +1 dire flail of holy wrath
              (8 damage)
             ... on level 4 of the Dungeon on Nov 12, 2019.
             The game lasted 00:18:59 (3480 turns).

slphil the Grave Robber (Deep Dwarf Necromancer)    Turns: 3480, Time: 00:19:00

Health: 0/42       AC:  4    Str: 14    XL:     5   Next: 99%
Magic:  3/8        EV: 12    Int: 16    God:
Gold:   179        SH:  0    Dex: 13    Spells: 5/10 levels left

rFire    . . .     SeeInvis .   k - +0 hunting sling
rCold    . . .     Gourm    .   (no shield)
rNeg     . . .     Faith    .   v - +1 robe of Virtue {Str+2}
rPois    .         Spirit   .   (no helmet)
rElec    .         Reflect  .   (no cloak)
rCorr    .         Harm     .   j - +0 pair of gloves
MR       .....                  (no boots)
Stlth    +++.......             (no amulet)
HPRegen  0.00/turn              (no ring)
MPRegen  0.11/turn              (no ring)

@: non-regenerating
A: damage resistance, heal wounds, sense surroundings 1, no regeneration
a: Heal Wounds


You were on level 4 of the Dungeon.
You were not hungry.

You visited 1 branch of the dungeon, and saw 4 of its levels.

You collected 179 gold pieces.

Inventory:

Hand Weapons
 h - a +0 dagger
 k - a +0 hunting sling (weapon)
Missiles
 b - 154 stones
 y - 8 sling bullets (quivered)
Armour
 a - a +0 robe
 j - a +0 pair of gloves (worn)
 l - a +0 leather armour
 q - a +0 ring mail
 v - the +1 robe of Virtue (worn) {Str+2}
   (You found it on level 4 of the Dungeon)

   It affects your strength (+2).
Wands
 w - a wand of random effects (20)
Scrolls
 d - 2 scrolls of remove curse {unknown}
 e - 6 scrolls of identify {unknown}
 i - a scroll of amnesia {unknown}
 n - 2 scrolls of teleportation {unknown}
 o - a scroll of enchant armour {unknown}
 p - 3 scrolls of enchant weapon {unknown}
 r - 2 scrolls of random uselessness {unknown}
 t - 3 scrolls of magic mapping {unknown}
Potions
 f - a potion of lignification {unknown}
 g - 2 potions of heal wounds {unknown}
 m - 2 potions of curing {unknown}
 s - 3 potions of agility {unknown}
 u - a potion of brilliance {unknown}
 x - a potion of experience {unknown}
Comestibles
 c - 5 rations


   Skills:
 - Level 2.1 Dodging
 - Level 4.2 Stealth
 - Level 3.0 Spellcasting
 + Level 6.6 Necromancy


You had 5 spell levels left.
You knew the following spells:

 Your Spells              Type           Power        Failure   Level  Hunger
a - Pain                  Necr           ###.         1%          1    #......
b - Animate Skeleton      Necr           N/A          1%          1    #......
c - Vampiric Draining     Necr           ###.......   3%          3    ###....

Your spell library contained the following spells:

 Spells                   Type           Power        Failure   Level  Hunger
 Animate Dead             Necr           N/A          12%         4    #####..
 Regeneration             Chrm/Necr      Unusable     N/A         3    N/A

Dungeon Overview and Level Annotations

Branches:
Dungeon (4/15)
 Temple: D:4-7

Altars:

Shops:
D:4 (

Annotations:
D:4 Edmund


Innate Abilities, Weirdness & Mutations

You are resistant to damage.
You can heal yourself by infusing magical energy.
You passively map a small area around you.
You do not regenerate.


Message History

Edmund barely misses you.
Firing (i - inventory. (/) - cycle)
y - 11 sling bullets (quivered)
Press: ? - help, Shift-Dir - straight line, f/p - Edmund
Aim: Edmund, wielding a +1 dire flail of holy wrath and wearing a +0 leather armour (almost dead)
You shoot a sling bullet.
The sling bullet hits Edmund but does no damage.
Edmund is almost dead.
Edmund barely misses you.
Firing (i - inventory. (/) - cycle)
y - 10 sling bullets (quivered)
Press: ? - help, Shift-Dir - straight line, f/p - Edmund
Aim: Edmund, wielding a +1 dire flail of holy wrath and wearing a +0 leather armour (almost dead)
You shoot a sling bullet. The sling bullet closely misses Edmund.
Edmund hits you with a +1 dire flail of holy wrath!
* * * LOW HITPOINT WARNING * * *
Firing (i - inventory. (/) - cycle)
y - 9 sling bullets (quivered)
Press: ? - help, Shift-Dir - straight line, f/p - Edmund
Aim: Edmund, wielding a +1 dire flail of holy wrath and wearing a +0 leather armour (almost dead)
You shoot a sling bullet. The sling bullet closely misses Edmund.
Edmund hits you with a +1 dire flail of holy wrath!
You die...

##### #....
################.#..
#...@...............
#..@.........<##.#..
#.###########.##.#..
###.###### #.##.##.
#........# #.#.....
#........# #.######
#........# #.#.....
#........# #.#.####
###.###.## #.#.# #.#
#.# #.#.#
###.###.#######.#.####
#..>..................


You could see Edmund.

Vanquished Creatures
  An ogre (D:4)
  2 orc wizards
  A worker ant (D:4)
  2 adders
  3 gnolls
  3 oozes
  A worm (D:4)
  A dart slug (D:2)
  A leopard gecko (D:2)
  4 orcs (D:3)
  2 giant cockroaches (D:2)
  3 goblins (D:2)
  3 hobgoblins
  6 kobolds
  A quokka (D:2)
  A bat (D:3)
  4 frilled lizards
  A jackal skeleton (D:4)
  A quokka skeleton (D:4)
  9 rats
50 creatures vanquished.

Vanquished Creatures (collateral kills)
  A goblin (D:3)
1 creature vanquished.

Grand Total: 51 creatures vanquished

Notes
Turn   | Place    | Note
-------+----------+-------------------------------------------
     0 | D:1      | slphil the Deep Dwarf Necromancer began the quest for the
                  | Orb.
     0 | D:1      | Reached XP level 1. HP: 15/15 MP: 3/3
   326 | D:1      | Learned a level 1 spell: Animate Skeleton
   345 | D:1      | Reached XP level 2. HP: 17/22 MP: 5/5
   969 | D:2      | You fall into a shaft and drop 1 floor!
  1184 | D:2      | Reached XP level 3. HP: 10/28 MP: 6/6
  1238 | D:2      | Learned a level 3 spell: Vampiric Draining
  1629 | D:2      | Reached skill level 5 in Necromancy
  1749 | D:3      | Reached XP level 4. HP: 33/36 MP: 7/7
  2638 | D:4      | Reached XP level 5. HP: 34/42 MP: 5/9
  2739 | D:4      | Got a steaming robe
  2756 | D:4      | Identified the +1 robe of Virtue {Str+2} (You found it on
                  | level 4 of the Dungeon)
  2765 | D:4      | Noticed an ogre
  3184 | D:4      | Killed an ogre
  3184 | D:4      | Reached skill level 6 in Necromancy
  3185 | D:4      | Upgraded the game from 0.24.0-1-gfbc8707 to
                  | 0.24.0-13-gcf9b319
  3346 | D:4      | Found Deopsil's Weapon Emporium.
  3447 | D:4      | Noticed Edmund
  3480 | D:4      | Slain by Edmund

Levels and vault maps discovered:
D:1:      lightli_iron_boxes, layout_basic, dk_noncrumbling_4
D:2:      layout_basic
D:3:      layout_basic
D:4:      layout_basic, serial_shops,
          nicolae_shop_temple_entry_statues_fountains, first_ration, uniq_edmund

Skill      XL: |  1  2  3  4  5 |
---------------+----------------+-----
Spellcasting   | 2 3 |  3.0
Stealth        | 3 4 |  4.2
Necromancy     | 5 6 |  6.6
Dodging        | |  2.1

Action                   |  1- 3 |  4- 6 || total
-------------------------+-------+-------++-------
Melee: Dagger            |     6 |     3 ||     9
       Unarmed           |     6 |       ||     6
 Fire: Hunting sling     |    93 |   116 ||   209
 Cast: Pain              |     6 |     3 ||     9
       Animate Skeleton  |    12 |     4 ||    16
       Vampiric Draining |     3 |    13 ||    16
 Abil: Heal Wounds       |     1 |     2 ||     3
  Eat: Chunk             |     3 |     7 ||    10
Armor: Robe              |     2 |     8 ||    10
       Ring mail         |    23 |    11 ||    34
Dodge: Dodged            |    51 |    37 ||    88
